 Dungeon Crawl Stone Soup version 0.20-a0-941-gba1b1f9 (webtiles) character file.

42 winWinterter the Chopper (level 3, 0/27 HPs)
             Began as a Demonspawn Gladiator on Mar 31, 2017.
             Slain by a worm (6 damage)
             ... on level 1 of the Dungeon.
             The game lasted 00:02:04 (954 turns).

winWinterter the Chopper (Demonspawn Gladiator)      Turns: 954, Time: 00:02:04

Health: 0/27       AC:  7    Str: 15    XL:     3   Next: 33%
Magic:  3/3        EV: 12    Int:  9    God:
Gold:   24         SH:  0    Dex: 14    Spells: 2/2 levels left

rFire    + . .     SeeInvis .   a - +0 war axe
rCold    . . .     Gourm    .   (no shield)
rNeg     . . .     Faith    .   j - +0 ring mail
rPois    .         Spirit   .   (helmet restricted)
rElec    .         Reflect  .   l - +0 cloak
rCorr    .         Harm     .   (no gloves)
MR       .....                  (no boots)
Stlth    +.........             (no amulet)
Regen    0.1/turn               e - ring of protection from fire
MPRegen  0.1/turn               (no ring)

@: no status effects
A: horns 1, rugged brown scales 1
a: no special abilities


You were on level 1 of the Dungeon.
You were not hungry.

You visited 1 branch of the dungeon, and saw 2 of its levels.

You collected 24 gold pieces.

Inventory:

Hand Weapons
 a - a +0 war axe (weapon)
Missiles
 d - 3 throwing nets (quivered)
Armour
 b - a +0 leather armour
 c - a +0 helmet
 j - a +0 ring mail (worn)
 l - a +0 cloak (worn)
Jewellery
 e - a ring of protection from fire (left hand)
 g - an uncursed ring of protection from cold {unknown}
 k - an uncursed amulet of faith {unknown}
Scrolls
 h - a scroll of enchant armour {unknown}
Comestibles
 f - a bread ration
 i - a royal jelly


   Skills:
 + Level 2.0 Fighting
 * Level 3.5 Axes
 + Level 1.9 Throwing
 + Level 0.3 Armour
 + Level 3.0 Dodging


You had 2 spell levels left.
You didn't know any spells.

Dungeon Overview and Level Annotations

Branches:
Dungeon (2/15)

Altars:
Xom


Innate Abilities, Weirdness & Mutations

You have a pair of small horns on your head.
You are partially covered in rugged brown scales. (AC +1, +3% HP)


Message History

* * * LOW HITPOINT WARNING * * *
You feel sick.
You start resting.
* * * LOW HITPOINT WARNING * * *
You feel sick.
You start resting.
You feel sick.
You are no longer poisoned.
You start resting.
A worm comes up the stairs.
A worm is nearby!
You aren't carrying any potions.
You hit the worm.
The worm is moderately wounded.
You barely miss the worm.
The worm is moderately wounded.
You hit the worm.
The worm is heavily wounded.
The worm bites you.
You die...

#.#.#8.........8##.......# #...#
#.#.'..)........##.......## #....
#.###8.........8##.##.##..# #....
#.# #####.......#..##.##>.# #..#.
#.# ####._....8#..######.######.
#.# #..#8.8..8.#.##≈%§≈#'#≈≈≈≈##
#.# #.##########.#≈≈§§§#.#§§÷≈≈#
#.## #.#.#.# #.w#§§#§§#.#§≈#§≈#
.#.# #.#.#.# #@.#≈≈§§§#.#§§§§§#
#.## #.#.#.#####..#§§≈§§#.#§§§§§#
#.# #.#.#......[>#≈§§§≈#<#§§§§§#
#.####.#.#.#####.##§§§§§#.#§%§§§#
...........#......#§≈#§§#.#≈§#≈≈#
#............###.##§§≈§§#.#≈§≈≈≈#
######.#.........###§≈§§#.#≈≈≈≈##
#.##.######.###############
####...........##.# #.#


You could see a worm.

Vanquished Creatures
  2 adders (D:2)
  An ooze (D:1)
  6 bats (D:1)
  A giant cockroach (D:1)
  2 goblins (D:1)
  4 jackals (D:1)
  2 frilled lizards (D:1)
  2 rats
20 creatures vanquished.

Vanquished Creatures (others)
  Jessica (D:2)
1 creature vanquished.

Grand Total: 21 creatures vanquished

Notes
Turn   | Place    | Note
-------+----------+-------------------------------------------
     0 | D:1      | winWinterter the Demonspawn Gladiator began the quest for the Orb.
     0 | D:1      | Reached XP level 1. HP: 16/16 MP: 1/1
   160 | D:1      | Gained mutation: You have a pair of small horns on your head. [demonic ancestry]
   160 | D:1      | Reached XP level 2. HP: 22/22 MP: 2/2
   798 | D:1      | Found a white marble altar of Elyvilon.
   803 | D:1      | Found a shimmering altar of Xom.
   803 | D:1      | Found a shattered altar of Ashenzari.
   806 | D:1      | Found a basalt altar of Yredelemnul.
   806 | D:1      | Found a sacrificial altar of Ru.
   806 | D:1      | Found an ancient bone altar of Kikubaaqudgha.
   868 | D:2      | Gained mutation: You are partially covered in rugged brown scales. (AC +1, +3% HP) [demonic ancestry]
   868 | D:2      | Reached XP level 3. HP: 22/27 MP: 3/3
   879 | D:2      | Noticed Jessica
   883 | D:2      | Killed Jessica
   954 | D:1      | Slain by a worm

Vault maps used:
D:1:      saegor_arrival_miasma, doesnt_xom_only_xom
D:2:      elyvilon_altar_4, uniq_jessica

Skill      XL: |  1  2 |
---------------+-------+-----
Axes           | 3 |  3.5
Dodging        | 3 |  3.0
Fighting       | |  2.0
Throwing       | |  1.9
Armour         | |  0.3

Action                   || total
-------------------------++-------
Melee: War axe           ||    56
       Headbutt          ||     4
Armor: Leather armour    ||    20
       Ring mail         ||    13
Dodge: Dodged            ||    57
